EVO
PENNSYLVANIA STATE UNIVERSITY NITTANY LIONS @ WASHINGTON STATE UNIVERSITY COUGARS
10/23/2048
 
TOP OF THE 1ST
Pennsylvania State University Nittany Lions batting - Pitching for Washington State University Cougars : RHP Briruc Fenuku
Pitching: RHP Briruc Fenuku
Batting: RHB James Steinmetz 0-0: Called Strike
0-1: Ball
1-1: Ball
2-1: Ball
3-1: Swinging Strike
3-2: Foul Ball, location: 2F
3-2: Base on Balls
Batting: RHB Pete Martin 0-0: Swinging Strike
James Steinmetz steals 2nd, throwing error, E2
James Steinmetz to third
0-1: SINGLE (Groundball, 56S, EV 71.9 MPH) (infield hit)
James Steinmetz scores
Batting: RHB Josh Ebeling 0-0: Called Strike
0-1: Foul Ball, location: 2F
0-2: Strikes out swinging
Batting: RHB Rob Hinojosa 0-0: Called Strike
0-1: Ball
1-1: Swinging Strike
1-2: Strikes out looking
Batting: RHB Joe Strachan 0-0: Foul Ball, location: 2F
0-1: Ball
1-1: Foul Ball, location: 2F
1-2: Ball
2-2: Ground out 4-3 (Groundball, 34, EV 108.1 MPH)
Top of the 1st over - 1 run, 1 hit, 1 error, 1 left on base; Pennsylvania State University 1 - Washington State University 0
BOTTOM OF THE 1ST
Washington State University Cougars batting - Pitching for Pennsylvania State University Nittany Lions : RHP Ian Hancock
Pitching: RHP Ian Hancock
Batting: LHB David Jackson 0-0: Ball
1-0: Ball
2-0: Foul Ball, location: 2F
2-1: Ground out 5-3 (Groundball, 5D, EV 90.0 MPH)
Batting: LHB Rex Creswell 0-0: Called Strike
0-1: Swinging Strike
0-2: Ball
1-2: Ground out 4-3 (Groundball, 4, EV 106.9 MPH)
Batting: SHB Juan Delanoval 0-0: SINGLE (Groundball, 34D, EV 98.8 MPH)
Batting: LHB Israel Ariza 0-0: Foul Ball, location: 2F
0-1: Fly out, F8 (Flyball, 89S, EV 90.0 MPH)
Bottom of the 1st over - 0 runs, 1 hit, 0 errors, 1 left on base; Pennsylvania State University 1 - Washington State University 0
TOP OF THE 2ND
Pennsylvania State University Nittany Lions batting - Pitching for Washington State University Cougars : RHP Briruc Fenuku
Batting: RHB Francisco Velazquez 0-0: Foul Ball, location: 2F
0-1: Ball
1-1: Ground out 5-3 (Groundball, P, EV 89.4 MPH)
Batting: RHB Jesse Bandt 0-0: Swinging Strike
0-1: SINGLE (Line Drive, 6M, EV 105.6 MPH)
Batting: LHB Dan Lape 0-0: Foul Ball, location: 2F
0-1: Swinging Strike
0-2: Foul Ball, location: 2F
0-2: Ball
1-2: Strikes out swinging
Batting: RHB Perry Brantley 0-0: SINGLE (Groundball, 6MD, EV 104.4 MPH)
Jesse Bandt to second
Runner from 2nd tries for 3rd, SAFE, throw by CF made to third
Batting: RHB James Steinmetz 0-0: Ball
1-0: Ball
2-0: Called Strike
2-1: Ball
3-1: Called Strike
3-2: SINGLE (Line Drive, 9S, EV 110.0 MPH)
Jesse Bandt scores
Perry Brantley to second
Perry Brantley to third
Batting: RHB Pete Martin 0-0: Called Strike
0-1: Fly out, F9 (Flyball, 9S, EV 90.0 MPH)
Top of the 2nd over - 1 run, 3 hits, 0 errors, 2 left on base; Pennsylvania State University 2 - Washington State University 0
BOTTOM OF THE 2ND
Washington State University Cougars batting - Pitching for Pennsylvania State University Nittany Lions : RHP Ian Hancock
Batting: RHB Wil Gonzales 0-0: Swinging Strike
0-1: Foul Ball, location: 2F
0-2: Strikes out looking
Batting: RHB Ron Essink 0-0: Ball
1-0: Swinging Strike
1-1: Ball
2-1: Ball
3-1: Called Strike
3-2: Foul Ball, location: 2F
3-2: Foul Ball, location: 2F
3-2: Base on Balls
Batting: RHB Joe Weber 0-0: Ball
1-0: Ball
2-0: Ball
3-0: Called Strike
3-1: Grounds into double play, 6-4-3 (Groundball, 6, EV 79.4 MPH)
Bottom of the 2nd over - 0 runs, 0 hits, 0 errors, 0 left on base; Pennsylvania State University 2 - Washington State University 0
TOP OF THE 3RD
Pennsylvania State University Nittany Lions batting - Pitching for Washington State University Cougars : RHP Briruc Fenuku
Batting: RHB Josh Ebeling 0-0: Called Strike
0-1: Reached on error, E5 (Groundball, 56, EV 81.2 MPH)
Batting: RHB Rob Hinojosa 0-0: Swinging Strike
0-1: Ground out 5-3 (Groundball, 56S, EV 68.8 MPH)
Josh Ebeling to second
Batting: RHB Joe Strachan 0-0: Ball
1-0: Ball
2-0: Reached on error, E6 (Groundball, 6, EV 101.9 MPH)
Josh Ebeling scores
Batting: RHB Francisco Velazquez 0-0: Fly out, F7 (Flyball, 7S, EV 79.4 MPH)
Batting: RHB Jesse Bandt 0-0: Swinging Strike
0-1: Ball
1-1: Foul Ball, location: 2F
1-2: Foul Ball, location: 2F
1-2: Foul Ball, location: 2F
1-2: Ball
2-2: Strikes out swinging
Top of the 3rd over - 1 run, 0 hits, 2 errors, 1 left on base; Pennsylvania State University 3 - Washington State University 0
BOTTOM OF THE 3RD
Washington State University Cougars batting - Pitching for Pennsylvania State University Nittany Lions : RHP Ian Hancock
Batting: RHB Briruc Fenuku 0-0: Ground out 6-3 (Groundball, 6D, EV 101.9 MPH)
Batting: LHB Willy Berrios 0-0: Ball
1-0: Foul Ball, location: 2F
1-1: Ball
2-1: SINGLE (Groundball, 34D, EV 110.0 MPH)
Batting: LHB David Jackson 0-0: Swinging Strike
0-1: Ball
1-1: Swinging Strike
1-2: Ball
2-2: Strikes out looking
Batting: LHB Rex Creswell 0-0: DOUBLE (Line Drive, 9LM, EV 106.2 MPH)
Willy Berrios to third
Runner from 3rd tries for Home, SAFE, throw by RF to home
Batting: SHB Juan Delanoval 0-0: Called Strike
0-1: Ball
1-1: Foul Ball, location: 2F
1-2: Foul Ball, location: 2F
1-2: 2-RUN HOME RUN (Flyball, 9LD, EV 95.6 MPH), Distance : 378 ft
Batting: LHB Israel Ariza 0-0: Ball
1-0: Ball
2-0: Called Strike
2-1: Foul Ball, location: 2F
2-2: SINGLE (Groundball, 3D, EV 94.4 MPH)
Batting: RHB Wil Gonzales 0-0: Called Strike
0-1: Fly out, F9 (Flyball, 9, EV 80.6 MPH)
Bottom of the 3rd over - 3 runs, 4 hits, 0 errors, 1 left on base; Pennsylvania State University 3 - Washington State University 3
TOP OF THE 4TH
Pennsylvania State University Nittany Lions batting - Pitching for Washington State University Cougars : RHP Briruc Fenuku
Batting: LHB Dan Lape 0-0: Foul Ball, location: 2F
0-1: Foul Ball, location: 2F
0-2: Foul Ball, location: 2F
0-2: SINGLE (Groundball, 4MD, EV 108.1 MPH)
Batting: RHB Perry Brantley 0-0: Ball
Balk!
Dan Lape to second
1-0: Called Strike
1-1: SINGLE (Groundball, 6D, EV 108.1 MPH)
Dan Lape to third
Batting: RHB James Steinmetz 0-0: Reached on error, E6 (Groundball, 6, EV 104.4 MPH)
Dan Lape scores
Perry Brantley to second
Batting: RHB Pete Martin 0-0: Called Strike
0-1: Ball
1-1: Fly out, F7 (Flyball, 78S, EV 91.2 MPH)
Batting: RHB Josh Ebeling 0-0: Ball
1-0: Swinging Strike
1-1: Swinging Strike
1-2: Foul Ball, location: 2F
1-2: Foul Ball, location: 2F
1-2: Foul Ball, location: 2F
1-2: Grounds into double play, 5-4-3 (Groundball, 5, EV 101.9 MPH)
Top of the 4th over - 1 run, 2 hits, 1 error, 1 left on base; Pennsylvania State University 4 - Washington State University 3
BOTTOM OF THE 4TH
Washington State University Cougars batting - Pitching for Pennsylvania State University Nittany Lions : RHP Ian Hancock
Batting: RHB Ron Essink 0-0: Ball
1-0: Swinging Strike
1-1: Ball
2-1: Called Strike
2-2: Foul Ball, location: 2F
2-2: Strikes out looking
Batting: RHB Joe Weber 0-0: Called Strike
0-1: Ball
1-1: Fly out, F9 (Line Drive, 9S, EV 98.1 MPH)
Batting: RHB Briruc Fenuku 0-0: Ball
1-0: Ground out 6-3 (Groundball, 6, EV 86.2 MPH)
Bottom of the 4th over - 0 runs, 0 hits, 0 errors, 0 left on base; Pennsylvania State University 4 - Washington State University 3
TOP OF THE 5TH
Pennsylvania State University Nittany Lions batting - Pitching for Washington State University Cougars : RHP Briruc Fenuku
Batting: RHB Rob Hinojosa 0-0: Called Strike
0-1: Ball
1-1: Ball
2-1: Foul Ball, location: 2F
2-2: Foul Ball, location: 2F
2-2: SINGLE (Groundball, 56, EV 103.8 MPH)
Batting: RHB Joe Strachan 0-0: Called Strike
0-1: Ball
1-1: Ball
2-1: Foul Ball, location: 2F
2-2: Ball
3-2: Foul Ball, location: 2F
3-2: Base on Balls
Rob Hinojosa to second
Pitching: RHP Gerbrand Lubbers
Batting: RHB Francisco Velazquez 0-0: Sac Bunt to 15S - play at first, batter OUT! 1-3
Rob Hinojosa to third
Joe Strachan to second
Batting: RHB Jesse Bandt 0-0: Called Strike
0-1: Ball
1-1: Ground out 6-3 (Groundball, 6, EV 108.8 MPH)
Rob Hinojosa scores
Batting: LHB Dan Lape 0-0: Ball
1-0: Ball
2-0: 2-RUN HOME RUN (Flyball, 7D, EV 103.1 MPH), Distance : 394 ft
Batting: RHB Perry Brantley 0-0: Ball
1-0: Foul Ball, location: 2F
1-1: Ball
2-1: SINGLE (Flyball, 8LS, EV 87.5 MPH)
Batting: RHB James Steinmetz 0-0: Called Strike
0-1: Called Strike
Perry Brantley steals 2nd base
0-2: Foul Ball, location: 2F
0-2: Ground out 4-3 (Groundball, 4, EV 93.8 MPH)
Top of the 5th over - 3 runs, 3 hits, 0 errors, 1 left on base; Pennsylvania State University 7 - Washington State University 3
BOTTOM OF THE 5TH
Washington State University Cougars batting - Pitching for Pennsylvania State University Nittany Lions : RHP Ian Hancock
Batting: LHB Willy Berrios 0-0: Ball
1-0: Ball
2-0: Ball
3-0: Called Strike
3-1: Called Strike
3-2: Strikes out looking
Batting: LHB David Jackson 0-0: Ball
1-0: Ball
2-0: Foul Ball, location: 2F
2-1: Foul Ball, location: 2F
2-2: Foul Ball, location: 2F
2-2: Ground out 4-3 (Groundball, 4, EV 100.0 MPH)
Batting: LHB Rex Creswell 0-0: Called Strike
0-1: Called Strike
0-2: Ball
1-2: Strikes out swinging
Bottom of the 5th over - 0 runs, 0 hits, 0 errors, 0 left on base; Pennsylvania State University 7 - Washington State University 3
TOP OF THE 6TH
Pennsylvania State University Nittany Lions batting - Pitching for Washington State University Cougars : RHP Gerbrand Lubbers
Batting: RHB Pete Martin 0-0: Ball
1-0: Fly out, F5 (Popup, 5SF, EV 86.9 MPH)
Batting: RHB Josh Ebeling 0-0: Called Strike
0-1: Ball
1-1: Foul Ball, location: 2F
1-2: Ball
2-2: Ball
3-2: Foul Ball, location: 2F
3-2: Base on Balls
Pitching: RHP Randolph Batten
Batting: RHB Rob Hinojosa 0-0: Ball
1-0: SINGLE (Groundball, 6D, EV 106.9 MPH)
Josh Ebeling to second
Batting: RHB Joe Strachan 0-0: Swinging Strike
0-1: Swinging Strike
0-2: Fly out, F4 (Popup, 3D, EV 68.1 MPH)
Batting: RHB Francisco Velazquez 0-0: Ball
1-0: Foul Ball, location: 2F
1-1: Swinging Strike
1-2: Fly out, F8 (Flyball, 8LD, EV 87.5 MPH)
Top of the 6th over - 0 runs, 1 hit, 0 errors, 2 left on base; Pennsylvania State University 7 - Washington State University 3
BOTTOM OF THE 6TH
Washington State University Cougars batting - Pitching for Pennsylvania State University Nittany Lions : RHP Ian Hancock
Batting: SHB Juan Delanoval 0-0: Ball
1-0: Ball
2-0: Ground out 4-3 (Groundball, 4, EV 88.8 MPH)
Pitching: RHP Jamie Galarza
Batting: LHB Israel Ariza 0-0: SOLO HOME RUN (Flyball, 89XD, EV 116.9 MPH), Distance : 450 ft
Batting: RHB Wil Gonzales 0-0: Ball
1-0: Ball
2-0: Swinging Strike
2-1: SOLO HOME RUN (Flyball, 7D, EV 101.9 MPH), Distance : 396 ft
Batting: RHB Ron Essink 0-0: Foul Ball, location: 2F
0-1: SINGLE (Groundball, 34, EV 100.0 MPH)
Batting: RHB Joe Weber 0-0: Ball
1-0: Called Strike
1-1: Ball
2-1: Foul Ball, location: 2F
2-2: Fly out, F9 (Flyball, 9, EV 87.5 MPH)
Batting: RHB Mas Langat 0-0: Ball
Ron Essink is caught stealing 2nd base 2-4
Bottom of the 6th over - 2 runs, 3 hits, 0 errors, 0 left on base; Pennsylvania State University 7 - Washington State University 5
TOP OF THE 7TH
Pennsylvania State University Nittany Lions batting - Pitching for Washington State University Cougars : RHP Randolph Batten
Pitching: RHP Teddy Barber
Batting: RHB Jesse Bandt 0-0: DOUBLE (Line Drive, 8RXD, EV 106.9 MPH)
Batting: LHB Dan Lape 0-0: Intentional Walk
Batting: RHB Perry Brantley 0-0: Ball
1-0: Foul Ball, location: 2F
1-1: Ball
2-1: Foul Ball, location: 2F
2-2: Ball
3-2: Base on Balls
Jesse Bandt to third
Dan Lape to second
Batting: RHB James Steinmetz 0-0: Grounds into fielders choice 4-2 (Groundball, 4S, EV 71.2 MPH)
Dan Lape to third
Perry Brantley to second
Batting: RHB Pete Martin 0-0: Ball
1-0: Ball
2-0: Swinging Strike
2-1: Called Strike
2-2: Ball
3-2: Foul Ball, location: 2F
3-2: Base on Balls
Dan Lape scores
Perry Brantley to third
James Steinmetz to second
Batting: RHB Josh Ebeling 0-0: Foul Ball, location: 2F
0-1: Ball
1-1: Ball
2-1: Foul Ball, location: 2F
2-2: Ball
3-2: Foul Ball, location: 2F
3-2: SINGLE (Line Drive, 6D, EV 98.8 MPH)
Perry Brantley scores
James Steinmetz to third
Pete Martin to second
Runner from 3rd tries for Home, SAFE, throw by LF to home
Pitching: RHP Joaquin Adame
Batting: RHB Rob Hinojosa 0-0: Foul Ball, location: 2F
0-1: Ball
1-1: Fly out, F8 (Flyball, 8RD, EV 79.4 MPH)
Batting: RHB Joe Strachan 0-0: Fly out, F7 (Flyball, 7LS, EV 77.5 MPH)
Top of the 7th over - 3 runs, 2 hits, 0 errors, 2 left on base; Pennsylvania State University 10 - Washington State University 5
BOTTOM OF THE 7TH
Washington State University Cougars batting - Pitching for Pennsylvania State University Nittany Lions : RHP Jamie Galarza
Now at 3B: Guy Jock
Now at SS: Jesse Bandt
Batting: RHB Mas Langat 0-0: Fly out, F8 (Line Drive, 8LM, EV 101.2 MPH)
Batting: LHB Willy Berrios 0-0: Ball
1-0: Ball
2-0: Ball
3-0: Called Strike
3-1: Fly out, F9 (Line Drive, 9LM, EV 88.8 MPH)
Batting: LHB David Jackson 0-0: Swinging Strike
0-1: Called Strike
0-2: Ball
1-2: Foul Ball, location: 2F
1-2: SINGLE (Groundball, 34D, EV 94.4 MPH)
Batting: LHB Rex Creswell 0-0: Ball
1-0: Ball
2-0: Foul Ball, location: 2F
2-1: SINGLE (Flyball, 34D, EV 87.5 MPH)
David Jackson to second
Runner from 2nd tries for 3rd, SAFE, no throw by RF
Pitching: LHP John McDonald
Batting: SHB Juan Delanoval 0-0: Ball
1-0: Called Strike
1-1: Ball
2-1: Swinging Strike
2-2: Foul Ball, location: 2F
2-2: Ball
3-2: Foul Ball, location: 2F
3-2: Strikes out swinging
Bottom of the 7th over - 0 runs, 2 hits, 0 errors, 2 left on base; Pennsylvania State University 10 - Washington State University 5
TOP OF THE 8TH
Pennsylvania State University Nittany Lions batting - Pitching for Washington State University Cougars : RHP Joaquin Adame
Batting: RHB Francisco Velazquez 0-0: Ball
1-0: Called Strike
1-1: Reached on error, E2 (Groundball, 2L, EV 75.6 MPH)
Batting: RHB Jesse Bandt 0-0: Swinging Strike
0-1: DOUBLE (Line Drive, 5D, EV 96.9 MPH)
Francisco Velazquez to third
Runner from 3rd tries for Home, SAFE, no throw by LF
Batting: LHB Dan Lape 0-0: Ball
1-0: Foul Ball, location: 2F
1-1: Foul Ball, location: 2F
1-2: Foul Ball, location: 2F
1-2: Foul Ball, location: 2F
1-2: Ball
2-2: Foul Ball, location: 2F
2-2: Ball
3-2: Fly out, F7 (Flyball, 78M, EV 88.1 MPH)
Batting: RHB Perry Brantley 0-0: Called Strike
0-1: Foul Ball, location: 2F
0-2: Strikes out looking
Batting: RHB Guy Jock 0-0: Called Strike
0-1: Fly out, F9 (Flyball, 9LSF, EV 91.9 MPH)
Top of the 8th over - 1 run, 1 hit, 1 error, 1 left on base; Pennsylvania State University 11 - Washington State University 5
BOTTOM OF THE 8TH
Washington State University Cougars batting - Pitching for Pennsylvania State University Nittany Lions : LHP John McDonald
Batting: LHB Israel Ariza 0-0: Called Strike
0-1: Called Strike
0-2: Foul Ball, location: 2F
0-2: Strikes out swinging
Batting: RHB Wil Gonzales 0-0: Called Strike
0-1: Called Strike
0-2: Ball
1-2: Strikes out swinging
Batting: RHB Ron Essink 0-0: Called Strike
0-1: Called Strike
0-2: Fly out, F8 (Flyball, 8LM, EV 77.5 MPH)
Bottom of the 8th over - 0 runs, 0 hits, 0 errors, 0 left on base; Pennsylvania State University 11 - Washington State University 5
TOP OF THE 9TH
Pennsylvania State University Nittany Lions batting - Pitching for Washington State University Cougars : RHP Joaquin Adame
Batting: RHB Pete Martin 0-0: Ball
1-0: Foul Ball, location: 2F
1-1: Ball
2-1: Swinging Strike
2-2: Strikes out looking
Batting: RHB Josh Ebeling 0-0: Fly out, F9 (Flyball, 9LSF, EV 90.0 MPH)
Batting: RHB Rob Hinojosa 0-0: Foul Ball, location: 2F
0-1: Ball
1-1: Ball
2-1: Foul Ball, location: 2F
2-2: Foul Ball, location: 2F
2-2: Strikes out swinging
Top of the 9th over - 0 runs, 0 hits, 0 errors, 0 left on base; Pennsylvania State University 11 - Washington State University 5
BOTTOM OF THE 9TH
Washington State University Cougars batting - Pitching for Pennsylvania State University Nittany Lions : LHP John McDonald
Pitching: RHP Jeremy Webb
Pinch Hitting: LHB Scott Spillers 0-0: Foul Ball, location: 2F
0-1: Ball
1-1: Fly out, F9 (Flyball, 9LD, EV 82.5 MPH)
Batting: RHB Mas Langat 0-0: Swinging Strike
0-1: Ball
1-1: Called Strike
1-2: Foul Ball, location: 2F
1-2: Ground out 4-3 (Groundball, 4, EV 104.4 MPH)
Pinch Hitting: RHB Rafael Collyer 0-0: Called Strike
0-1: TRIPLE (Flyball, 7D, EV 93.1 MPH)
Batting: LHB David Jackson 0-0: Foul Ball, location: 2F
0-1: Ball
1-1: Ball
2-1: Foul Ball, location: 2F
2-2: Ball
3-2: Foul Ball, location: 2F
3-2: Foul Ball, location: 2F
3-2: Foul Ball, location: 2F
3-2: Base on Balls
Batting: LHB Rex Creswell 0-0: Called Strike
0-1: Ball
1-1: Fly out, F8 (Flyball, 8LD, EV 98.1 MPH)
Bottom of the 9th over - 0 runs, 1 hit, 0 errors, 2 left on base; Pennsylvania State University 11 - Washington State University 5
Tuesday, March 28th , 2023 - OOTP Baseball 23.10 Build 110